 Dungeon Crawl Stone Soup version 0.20.0-15-g7f486f2 (webtiles) character file.

381 NoAnimeNoLife the Cudgeler (level 6, -1/44 HPs)
             Began as a Demonspawn Gladiator on June 12, 2017.
             Killed by divine providence
             ... invoked by an orc priest
              (12 damage)
             ... on level 4 of the Dungeon.
             The game lasted 00:06:59 (2560 turns).

NoAnimeNoLife the Cudgeler (Demonspawn Gladiator)   Turns: 2560, Time: 00:06:59

Health: -1/44      AC: 11    Str: 15    XL:     6   Next: 46%
Magic:  6/6        EV:  2    Int:  9    God:
Gold:   180        SH:  9    Dex: 16    Spells: 5/5 levels left

rFire    . . .     SeeInvis .   a - +0 flail
rCold    . . .     Gourm    .   m - +2 shield
rNeg     . . .     Faith    .   q - +0 plate armour
rPois    .         Spirit   .   c - +0 helmet
rElec    .         Reflect  .   (no cloak)
rCorr    .         Harm     .   (no gloves)
MR       .....                  (no boots)
Stlth    ..........             (no amulet)
Regen    0.2/turn               (no ring)
MPRegen  0.1/turn               (no ring)

@: no status effects
A: demonic guardian 1, powered by death 1
a: no special abilities


You were on level 4 of the Dungeon.
You were hungry.

You visited 1 branch of the dungeon, and saw 4 of its levels.

You collected 180 gold pieces.

Inventory:

Hand Weapons
 a - a +0 flail (weapon)
Missiles
 d - 3 throwing nets (quivered)
Armour
 b - a +0 leather armour
 c - a +0 helmet (worn)
 m - a +2 shield (worn)
 q - a +0 plate armour (worn)
Jewellery
 e - an uncursed ring of resist corrosion {unknown}
Wands
 v - a wand of iceblast (15/15)
Scrolls
 h - a scroll of enchant weapon {unknown}
 i - a scroll of immolation {unknown}
 j - 2 scrolls of teleportation
 k - a scroll of magic mapping
 o - a scroll of recharging
 p - a scroll of blinking {unknown}
 s - 2 scrolls of remove curse
Potions
 n - a potion of curing
Books
 u - a book of Cantrips

   Spells                             Type                      Level
   a - Confusing Touch                Hexes                        1
   b - Animate Skeleton               Necromancy                   1
   c - Summon Small Mammal            Summoning                    1
   d - Apportation                    Translocation                1
Comestibles
 f - 4 bread rations
 g - 4 fruits
 l - a royal jelly


   Skills:
 - Level 2.0 Fighting
 + Level 6.7 Maces & Flails
 - Level 1.7 Throwing
 - Level 2.6 Dodging


You had 5 spell levels left.
You didn't know any spells.

Dungeon Overview and Level Annotations

Branches:
Dungeon (4/15)             Temple (0/1) D:4

Altars:
Trog


Innate Abilities, Weirdness & Mutations

A weak demonic guardian rushes to your aid.
You regenerate a little health from kills.


Message History

You hear a shout!
You closely miss the orc wizard. You block the orc wizard's attack.
The orc wizard hits you but does no damage.
An orc comes into view. It is wielding a short sword.
Your shield and plate armour prevent you from hitting the orc wizard.
The orc wizard hits you but does no damage.
You block the orc wizard's attack.
You sock the orc wizard!
The orc wizard is heavily wounded.
Your shadow imp disappears in a puff of smoke!
The orc wizard points at you and mumbles some strange words.
The puff of frost hits you!
The orc priest miscasts a cantrip.
The orc wizard hits you with a dagger.
* * * LOW HITPOINT WARNING * * *
You swap places.
The orc wizard barely misses your white imp.
The orc priest invokes the aid of Beogh against you.
Beogh smites you!
You die...

*≈P.,,,,,,* **.#*****,* *.# *,*
*.# *,* *.# *,* ###########.# *,*
*#......>....# *,*
*#.#.#######..# *,*
#.###$oooo5@..# *,*
*#.,#.#$#####.### *,*******
*****.,,,*,#.##....)# *,,,,,,,,
,,,,..,,,,**#.#.###.######*******
,,*.#,,,,*,*....* #......# *,,,
,,#.****,**,#.#.###.####.# *,**
*,*,****,***#.#....[# *,* **,**
,,,,,,**,*###h###.### *,****,,,*
,,,,*,*#,*#.....#(# *,,,,,,,,,


You could see an orc priest, 2 orc wizards, an orc and a friendly white imp.

Vanquished Creatures
  The ghost of NoAnimeNoLife the Chopper, a weakling HOFi of Beogh (D:3)
  3 orc priests (D:4)
  An iguana (D:4)
  Natasha (twice) (D:4)
  An orc wizard (D:4)
  7 gnolls (D:4)
  3 worms
  4 dart slugs
  2 leopard geckos
  7 orcs (D:4)
  4 giant cockroaches
  4 goblins
  6 hobgoblins
  4 jackals (D:1)
  A ball python (D:3)
  7 bats
  4 frilled lizards
  7 kobolds
  10 rats
78 creatures vanquished.

Vanquished Creatures (collateral kills)
  A worker ant (D:4)
1 creature vanquished.

Vanquished Creatures (others)
  An orc wizard (D:4)
1 creature vanquished.

Grand Total: 80 creatures vanquished

Notes
Turn   | Place    | Note
-------+----------+-------------------------------------------
     0 | D:1      | NoAnimeNoLife the Demonspawn Gladiator began the quest for the Orb.
     0 | D:1      | Reached XP level 1. HP: 16/16 MP: 1/1
    14 | D:1      | Reached skill level 3 in Maces & Flails
    42 | D:1      | Gained mutation: A weak demonic guardian rushes to your aid. [demonic ancestry]
    42 | D:1      | Reached XP level 2. HP: 21/22 MP: 2/2
   420 | D:1      | Gained mutation: You regenerate a little health from kills. [demonic ancestry]
   420 | D:1      | Reached XP level 3. HP: 27/27 MP: 3/3
   847 | D:2      | Reached skill level 4 in Maces & Flails
  1194 | D:2      | Found a bloodstained altar of Trog.
  1327 | D:3      | Noticed NoAnimeNoLife's ghost (weakling HOFi)
  1337 | D:3      | Killed NoAnimeNoLife's ghost
  1337 | D:3      | Reached XP level 4. HP: 33/33 MP: 4/4
  1685 | D:4      | Reached skill level 5 in Maces & Flails
  1735 | D:4      | Reached XP level 5. HP: 33/38 MP: 5/5
  1899 | D:4      | Noticed Natasha
  1900 | D:4      | Found a staircase to the Ecumenical Temple.
  1907 | D:4      | Killed Natasha
  1907 | D:4      | Reached skill level 6 in Maces & Flails
  1969 | D:4      | Reached XP level 6. HP: 24/44 MP: 6/6
  2015 | D:4      | Noticed Natasha
  2127 | D:4      | Killed Natasha
  2560 | D:4      | Killed from afar by an orc priest

Skill      XL: |  1  2  3  4  5 |
---------------+----------------+-----
Maces & Flails | 3 4 5 6 |  6.7
Fighting       | |  2.0
Throwing       | |  1.7
Dodging        | |  2.6

Action                   |  1- 3 |  4- 6 || total
-------------------------+-------+-------++-------
Melee: Flail             |   168 |   124 ||   292
Evoke: Wand              |       |     1 ||     1
  Use: Potion            |     2 |     2 ||     4
       Scroll            |       |     8 ||     8
 Stab: Sleeping          |     1 |       ||     1
  Eat: Chunk             |     1 |     4 ||     5
Armor: Leather armour    |    15 |       ||    15
       Plate armour      |    70 |    53 ||   123
       Skin              |     2 |     3 ||     5
Dodge: Dodged            |    47 |     9 ||    56
Block: Shield            |    54 |    55 ||   109
